AoeStats
← [NICE_ASS] BigMasi

Arabian Desert

509932154Analyzed
1v1 RM · 3d ago on Sep 28, 2026· 27m 50s· 2 players
Game mode
Random Map
Map size
Tiny (2 player)
Population
200
Speed
Normal
Resources
Standard
Victory
Conquest
Starting age
Dark Age
Ending age
Imperial Age
RankedLock teamsTeams togetherTeam positionsShared explorationLock speedFull tech treeHidden civsTurbo modeCheats
Victory
Defeat
🇩🇪 Vikings · Germany
1390
+14
🇨🇭 Varangians · Switzerland
1351
-14
[NICE_ASS] BigMasi
6:44 Loom
10:34 Feudal Age
12:44 Double-Bit Axe
16:01 Bloodlines
16:28 Horse Collar
23:21 Scale Barding Armor
23:27 Forging
27:10 Castle Age
26:14 Padded Archer Armor
26:05 Fletching
28:13 Chain Barding Armor
27:15 Light Cavalry
Alexxuss
4:37 Loom
9:57 Feudal Age
9:59 Man-at-Arms
15:29 Double-Bit Axe
17:08 Horse Collar
17:59 Fletching
23:57 Castle Age
21:57 Gold Mining
24:49 Bodkin Arrow
24:17 Crossbowman
25:40 Bow Saw
25:33 Heavy Plow
27:29 Gold Shaft Mining
27:14 Squires
Connection lost

Rejoining the realm…

Still unreachable

The connection could not be restored.

Session expired

The server has moved on; the page needs a fresh start.